 Dungeon Crawl Stone Soup version 0.26-a0-683-g5206c1d7ac (webtiles) character file.

Game seed: 12785176672685967806

821 robertstho the Caller (level 7, -1/51 HPs)
             Began as a Gnoll Summoner on Oct 22, 2020.
             Killed by divine providence
             ... invoked by an orc priest
              (15 damage)
             ... on level 6 of the Dungeon.
             The game lasted 00:08:11 (6872 turns).

robertstho the Caller (Gnoll Summoner)              Turns: 6872, Time: 00:08:12

Health: -1/51      AC:  2    Str: 10    XL:     7   Next: 95%
Magic:  1/15       EV: 15    Int: 20    God:
Gold:   259        SH:  0    Dex: 15    Spells: 0/17 levels left

rFire    . . .     SeeInvis .   o - +2 quarterstaff (chaos)
rCold    + . .     Faith    .   (shield currently unavailable)
rNeg     . . .     Spirit   .   n - +0 robe {rC+}
rPois    .         Reflect  .   (no helmet)
rElec    .         Harm     .   a - scarf {+Inv}
rCorr    .         Rampage  .   (no gloves)
MR       .....                  (no boots)
Stlth    +++.......             (no amulet)
HPRegen  0.17/turn              h - +4 ring of slaying
MPRegen  0.14/turn              (no ring)

@: no status effects
A: distributed training, fangs 1, strong nose
a: Evoke Invisibility


You were on level 6 of the Dungeon.
You visited 1 branch of the dungeon, and saw 6 of its levels.

You collected 259 gold pieces.

Inventory:

Hand Weapons
 d - a +0 hand axe
 o - a +2 quarterstaff of chaos (weapon)
Armour
 a - a scarf of invisibility (worn)
 n - a +0 robe of cold resistance (worn)
 p - a +0 cloak
Jewellery
 h - a +4 ring of slaying (left hand)
 v - an uncursed ring of protection from fire {unknown}
 x - an uncursed amulet of reflection {unknown}
Scrolls
 b - 3 scrolls of identify {unknown}
 c - 4 scrolls of remove curse {unknown}
 i - a scroll of fear {unknown}
 j - a scroll of noise {unknown}
 l - 7 scrolls of amnesia {unknown}
 m - 2 scrolls of random uselessness {unknown}
 q - 3 scrolls of blinking {unknown}
 r - 2 scrolls of magic mapping {unknown}
 w - a scroll of enchant weapon {unknown}
Potions
 e - a potion of ambrosia {unknown}
 f - a potion of haste {unknown}
 g - 4 potions of heal wounds {unknown}
 k - 2 potions of curing {unknown}
 s - a potion of berserk rage {unknown}
 t - a potion of stabbing {unknown}
 u - a potion of mutation {unknown}


   Skills:
 + Level 2.8 Fighting
 + Level 2.8 Short Blades
 + Level 2.8 Long Blades
 + Level 2.8 Axes
 + Level 2.8 Maces & Flails
 + Level 2.8 Polearms
 + Level 2.8 Staves
 + Level 2.8 Slings
 + Level 2.8 Bows
 + Level 2.8 Crossbows
 + Level 2.8 Throwing
 + Level 2.8 Armour
 + Level 5.4 Dodging
 + Level 5.1 Stealth
 + Level 2.8 Shields
 + Level 2.8 Unarmed Combat
 + Level 5.8 Spellcasting
 + Level 2.3 Conjurations
 + Level 2.3 Hexes
 + Level 7.5 Summonings
 + Level 2.3 Necromancy
 + Level 2.3 Translocations
 + Level 2.3 Transmutations
 + Level 2.3 Fire Magic
 + Level 2.3 Ice Magic
 + Level 2.3 Air Magic
 + Level 2.3 Earth Magic
 + Level 2.3 Poison Magic
 + Level 3.1 Invocations
 + Level 2.8 Evocations


You couldn't memorise any spells.
You knew the following spells:

 Your Spells              Type           Power        Failure   Level
a - Summon Small Mammal   Summ           ####         1%          1
b - Call Imp              Summ           #####...     1%          2
c - Call Canine Familiar  Summ           #####...     1%          3
d - Summon Guardian Gole  Hex/Summ       ####....     4%          3
e - Summon Ice Beast      Ice/Summ       ####....     14%         4
f - Summon Lightning Spi  Summ/Air       ####....     14%         4

Your spell library contained the following spells:

 Spells                   Type           Power        Failure   Level


Dungeon Overview and Level Annotations

Branches:
Dungeon (6/15)
 Temple: D:4-7

Altars:
Elyvilon
Hepliaklqana
Okawaru
Wu Jian


Innate Abilities, Weirdness & Mutations

Your experience applies equally to all skills.
You have very sharp teeth.
Your uncanny sense of smell can sniff out nearby items.


Message History

Your crimson imp hits the orc priest but does no damage.
Unknown command.
Your quokka bites the orc priest.
The orc priest completely misses your crimson imp.
Your quokka bites the orc priest but does no damage.
Your crimson imp blinks!
What are your orders? t - Bark!
Orders for allies: a - Attack new target. p - Attack previous target. r - Retreat! s - Stop attacking. g - Guard the area. f - Follow me.
Anything else - Cancel.
Gang up on whom?
Press: ? - help, Dir - move target cursor, f/p - orc priest
Aim: an orc priest, wielding a +0 flail and wearing a +0 ring mail (lightly wounded) Attack!
Your wolf misses the orc priest.
Your quokka barely misses the orc priest.
The orc priest mumbles some strange prayers to Beogh against you.
Beogh smites you!
You die...

∆ #......# #......#
.. #......#
..oo##).5?..#
..oo..oo# #######o#
#.#
.#.#########o#####.
.......@..ho..5.....
..........##r#####..
...............
#.####.##.##.### #
#. #.##.# #. #.##..
#. #.##.. ∆ #? #.#
..


You could see an orc priest, an orc, a friendly wolf (summoned), a friendly
crimson imp (summoned) and a friendly quokka (summoned).

Vanquished Creatures
  A bullfrog (D:5)
  A scorpion (D:4)
  Crazy Yiuf (D:3)
  A centaur skeleton (D:5)
  An orc priest (D:5)
  2 hounds (D:5)
  2 orc wizards
  A worker ant (D:4)
  A killer bee zombie (D:4)
  A gnoll (D:3)
  3 adders
  An ufetubus (D:5)
  An ooze (D:2)
  An adder skeleton (D:4)
  A dart slug (D:1)
  2 leopard geckos
  9 orcs
  11 bats
  2 giant cockroaches (D:1)
  3 goblins (D:2)
  3 hobgoblins
  5 jackals
  5 kobolds
  2 quokkas
  5 frilled lizards
  4 rats
70 creatures vanquished.

Vanquished Creatures (collateral kills)
  A steam dragon (D:4)
  2 ogres
  A bullfrog zombie (D:5)
  A hound (D:4)
  2 iguanas
  2 worker ants
  An orc wizard (D:5)
  Terence (D:3)
  A killer bee zombie (D:5)
  A worker ant zombie (D:5)
  5 gnolls (D:3)
  4 adders
  A white imp (D:6)
  A worm (D:4)
  2 dart slugs
  7 orcs
  A giant cockroach (D:1)
  3 hobgoblins
  4 jackals
  A kobold (D:1)
  A quokka (D:4)
  2 ball pythons (D:1)
  3 bats
  2 frilled lizards
  A jackal skeleton (D:5)
  19 rats
70 creatures vanquished.

Grand Total: 140 creatures vanquished

Notes
Turn   | Place    | Note
-------+----------+-------------------------------------------
     0 | D:1      | robertstho the Gnoll Summoner began the quest for the Orb.
     0 | D:1      | Reached XP level 1. HP: 13/13 MP: 6/6
   249 | D:1      | Reached XP level 2. HP: 16/19 MP: 7/7
  1296 | D:1      | Reached XP level 3. HP: 15/25 MP: 6/9
  1517 | D:1      | Reached skill level 5 in Spellcasting
  1660 | D:2      | Learned a level 2 spell: Call Imp
  1664 | D:2      | Learned a level 3 spell: Call Canine Familiar
  1668 | D:2      | Learned a level 3 spell: Summon Guardian Golem
  1811 | D:2      | Reached skill level 1 in Invocations
  2033 | D:2      | Reached skill level 1 in Fighting
  2033 | D:2      | Reached skill level 1 in Short Blades
  2033 | D:2      | Reached skill level 1 in Long Blades
  2033 | D:2      | Reached skill level 1 in Axes
  2033 | D:2      | Reached skill level 1 in Maces & Flails
  2033 | D:2      | Reached skill level 1 in Polearms
  2033 | D:2      | Reached skill level 1 in Staves
  2033 | D:2      | Reached skill level 1 in Slings
  2033 | D:2      | Reached skill level 1 in Bows
  2033 | D:2      | Reached skill level 1 in Crossbows
  2033 | D:2      | Reached skill level 1 in Throwing
  2033 | D:2      | Reached skill level 1 in Armour
  2033 | D:2      | Reached skill level 1 in Shields
  2033 | D:2      | Reached skill level 1 in Unarmed Combat
  2033 | D:2      | Reached skill level 1 in Evocations
  2239 | D:2      | Found an iron altar of Okawaru.
  2481 | D:2      | Reached XP level 4. HP: 25/32 MP: 0/11
  2596 | D:2      | Found an ornate altar of the Wu Jian Council.
  2764 | D:3      | Reached skill level 1 in Conjurations
  2764 | D:3      | Reached skill level 1 in Hexes
  2764 | D:3      | Reached skill level 1 in Necromancy
  2764 | D:3      | Reached skill level 1 in Translocations
  2764 | D:3      | Reached skill level 1 in Transmutations
  2764 | D:3      | Reached skill level 1 in Fire Magic
  2764 | D:3      | Reached skill level 1 in Ice Magic
  2764 | D:3      | Reached skill level 1 in Air Magic
  2764 | D:3      | Reached skill level 1 in Earth Magic
  2764 | D:3      | Reached skill level 1 in Poison Magic
  3121 | D:3      | Reached XP level 5. HP: 37/37 MP: 2/12
  3211 | D:3      | Found a white marble altar of Elyvilon.
  3438 | D:3      | Noticed Terence
  3453 | D:3      | Killed Terence
  3833 | D:3      | Found a runed translucent door.
  3834 | D:3      | Noticed Crazy Yiuf
  4015 | D:3      | Killed Crazy Yiuf
  4210 | D:4      | Learned a level 4 spell: Summon Ice Beast
  4299 | D:4      | Reached XP level 6. HP: 42/44 MP: 8/14
  4376 | D:4      | Noticed a steam dragon
  4385 | D:4      | Killed a steam dragon
  4385 | D:4      | Reached skill level 5 in Dodging
  5144 | D:4      | Found a hazy altar of Hepliaklqana.
  5150 | D:4      | Reached XP level 7. HP: 33/50 MP: 15/15
  5414 | D:4      | Learned a level 4 spell: Summon Lightning Spire
  5683 | D:5      | Entered Level 5 of the Dungeon
  6217 | D:5      | Reached skill level 5 in Stealth
  6872 | D:6      | Killed from afar by an orc priest

Illustrated notes

Levels and vault maps discovered:
D:1:      saegor_arrival_simple_b, layout_basic, minmay_small_reverse_x
D:2:      layout_rooms, marbit_many_paths, lemuel_coloured_pillars_altar
D:3:      layout_rooms, overflow_temple_1_default, chequers_decorated_corner,
          uniq_crazy_yiuf_cottage, uniq_terence
D:4:      layout_basic, lemuel_round_altar, minmay_misc_feat_roman,
          minmay_rat_hole
D:5:      layout_gridville
D:6:      layout_basic, minivault_24

Skill      XL: |  1  2  3  4  5  6  7 |
---------------+----------------------+-----
Spellcasting   | 5 |  5.8
Invocations    | 1 2 3 |  3.1
Fighting       | 1 2 |  2.8
Short Blades   | 1 2 |  2.8
Long Blades    | 1 2 |  2.8
Axes           | 1 2 |  2.8
Maces & Flails | 1 2 |  2.8
Polearms       | 1 2 |  2.8
Staves         | 1 2 |  2.8
Slings         | 1 2 |  2.8
Bows           | 1 2 |  2.8
Crossbows      | 1 2 |  2.8
Throwing       | 1 2 |  2.8
Armour         | 1 2 |  2.8
Shields        | 1 2 |  2.8
Unarmed Combat | 1 2 |  2.8
Evocations     | 1 2 |  2.8
Conjurations   | 1 2 |  2.3
Hexes          | 1 2 |  2.3
Necromancy     | 1 2 |  2.3
Translocations | 1 2 |  2.3
Transmutations | 1 2 |  2.3
Fire Magic     | 1 2 |  2.3
Ice Magic      | 1 2 |  2.3
Air Magic      | 1 2 |  2.3
Earth Magic    | 1 2 |  2.3
Poison Magic   | 1 2 |  2.3
Dodging        | 5 |  5.4
Stealth        | 5 |  5.1
Summonings     | |  7.5

Action                   |  1- 3 |  4- 6 |  7- 9 || total
-------------------------+-------+-------+-------++-------
Melee: Unarmed           |    36 |       |       ||    36
       Bite              |     9 |     3 |     3 ||    15
       Hand axe          |    69 |    42 |       ||   111
       Quarterstaff      |       |    19 |    47 ||    66
       Punch             |       |     1 |       ||     1
 Cast: Summon Small Mamm |    30 |     5 |     1 ||    36
       Call Canine Famil |     4 |    17 |     6 ||    27
       Call Imp          |     3 |    31 |    17 ||    51
 Stab: Sleeping          |     5 |     1 |     2 ||     8
       Distracted        |     1 |       |       ||     1
       Paralysed         |       |       |     1 ||     1
Armor: Robe              |    33 |     9 |     4 ||    46
Dodge: Dodged            |   126 |    60 |    38 ||   224

Table legend: (Time is in decaauts)
 A = Elapsed time spent in this place.
 B = Non-inter-level travel time spent in this place.
 C = Inter-level travel time spent in this place.
 D = Time resting spent in this place.
 E = Time spent auto-exploring this place.
 F = Levels seen in this place.
 G = Mean time per level.
                   A        B        C        D        E       F      G
               +--------+--------+--------+--------+--------+-----+--------+
         Total |   6916 |   6788 |    128 |      0 |   5652 |   6 | 1152.7 |
       Dungeon |   6916 |   6788 |    128 |      0 |   5652 |   6 | 1152.7 |
               +--------+--------+--------+--------+--------+-----+--------+

Top non-repeatable levels by time:
     D:1: 1662 daAuts
     D:3: 1487 daAuts
     D:4: 1485 daAuts
     D:5: 1167 daAuts
     D:2: 1086 daAuts
     D:6: 26 daAuts
